 Dungeon Crawl Stone Soup version 0.31-a0-259-g771a54ca4b (webtiles) character file.

Game seed: 7389398980072912476

164 qw the Shooter (level 5, -3/31 HPs)
             Began as a Gargoyle Hexslinger on July 13, 2023.
             Slain by a gnoll
             ... wielding a +0 halberd
              (4 damage)
             ... on level 3 of the Dungeon.
             The game lasted 00:00:41 (1539 turns).

qw the Shooter (Gargoyle Hexslinger)                Turns: 1539, Time: 00:00:42

Health: -3/31      AC:  8    Str: 12    XL:     5   Next: 45%
Magic:  6/6        EV: 12    Int: 13    God:
Gold:   15         SH:  0    Dex: 14    Spells: 5/6 levels left

rFire   . . .        Y - +2 sling
rCold   . . .        (no shield)
rNeg    + . .        c - +0 robe
rPois   inf          g - +2 hat
rElec   +            (no cloak)
rCorr   .            (no gloves)
SInv    .            (no boots)
Will    .....        (no amulet)
Stlth   +            (no ring)
HPRegen 0.25/turn    (no ring)
MPRegen 0.10/turn

%: no passive effects
@: no status effects
A: sickness immunity, AC +4, negative energy resistance 1, electricity
resistance, torment resistance 1, petrification resistance
a: no special abilities


You were on level 3 of the Dungeon.
You visited 1 branch of the dungeon, and saw 3 of its levels.

You collected 59 gold pieces.
You spent 44 gold pieces at shops.


Innate Abilities, Weirdness & Mutations

You are immune to sickness and miasma.
Your stone body is resilient. (AC +4)
You are immune to poison.
You resist negative energy. (rN+)
You are resistant to electric shocks. (rElec)
You are resistant to unholy torment.
You are immune to petrification.


   Skills:
 + Level 2.6 Fighting
 - Level 5.0 Ranged Weapons
 - Level 1.5 Dodging
 - Level 1.0 Spellcasting
 - Level 2.6 Hexes


You had 5 spell levels left.
You knew the following spells:

 Your Spells              Type           Power      Damage    Failure   Level
a - Slow                  Hex            28%        N/A       10%         1

Your spell library contained the following spells:

 Spells                   Type           Power      Damage    Failure   Level
 Inner Flame              Hex/Fire       4%         N/A       43%         3
 Portal Projectile        Hex/Tloc       8%         N/A       43%         3
 Cause Fear               Hex            3%         N/A       67%         4

Inventory:

Hand Weapons
 Y - a +2 sling (weapon)
Armour
 c - a +0 robe (worn)
 g - a +2 hat (worn)
Scrolls
 b - a scroll of identify
Potions
 a - a potion of curing {unknown}
 d - a potion of haste {unknown}
 f - a potion of brilliance {unknown}

Dungeon Overview and Level Annotations

Branches:
Dungeon (3/15)

Altars:
Makhleb

Shops:
D:2 *!*


Message History

The giant cockroach barely misses you.
You shoot a sling bullet.
The sling bullet barely misses the gnoll.
The gnoll hits you but does no damage. The giant cockroach barely misses you.
You shoot a sling bullet.
The sling bullet closely misses the gnoll.
The giant cockroach bites you but does no damage.
The gnoll closely misses you.
The orc priest mumbles some strange prayers to Beogh against you.
Beogh smites you!
You shoot a sling bullet.
The sling bullet barely misses the gnoll.
The giant cockroach bites you but does no damage.
The gnoll barely misses you. The giant cockroach barely misses you.
You shoot a sling bullet.
The sling bullet hits the gnoll but does no damage.
The gnoll is severely wounded.
The gnoll closely misses you. The giant cockroach bites you.
The gnoll closely misses you.
You shoot a sling bullet. The sling bullet hits the gnoll.
The gnoll is almost dead.
The giant cockroach closely misses you. The gnoll hits you but does no damage.
The giant cockroach closely misses you.
You shoot a sling bullet.
The sling bullet hits the gnoll but does no damage.
The gnoll is almost dead.
The gnoll hits you with a +0 flail. The giant cockroach barely misses you.
You shoot a sling bullet. The sling bullet hits the gnoll.
You kill the gnoll!
The giant cockroach barely misses you.
You shoot a sling bullet.
The sling bullet hits the giant cockroach!
You kill the giant cockroach!
You shoot a sling bullet. The sling bullet hits the endoplasm.
You kill the endoplasm!
You shoot a sling bullet. Something hits you.
The gnoll hits you from afar with a +0 halberd!
The gnoll hits you from afar with a +0 halberd.
You die... . .. ## $.. ###. .... #...### ....# # #...##go.... #.##.))gwo.... #....@###{.... ####..# oo.

#..# ####.
#..#
##..###
#..#
#<....###
#..#
#.###.#.##
#..#
#........#
#..#
#..#####.#
#..###...##
#.#


You could see a worm, an orc priest, 2 gnolls and an orc.

Vanquished Creatures
  Natasha (thrice) (D:2)
  A gnoll (D:3)
  2 adders
  A dart slug (D:1)
  An orc (D:3)
  2 ball pythons
  5 endoplasms
  3 giant cockroaches
  4 goblins
  7 hobgoblins (D:1)
  4 jackals (D:1)
  5 kobolds
  5 quokkas
  2 bats
  3 frilled lizards
  8 rats
56 creatures vanquished.

Notes
Turn   | Place    | Note
-------+----------+-------------------------------------------
     0 | D:1      | qw the Gargoyle Hexslinger began the quest for the Orb.
     0 | D:1      | Reached XP level 1. HP: 12/12 MP: 2/2
     0 | D:1      | 0 ||| qw: Version: 0.3-a-52-g30416fa
     0 | D:1      | 0 ||| qw: Game counter: 6858
     0 | D:1      | 0 ||| qw: Melee chars always use a shield: true
     0 | D:1      | 0 ||| qw: God list: Okawaru
     0 | D:1      | 0 ||| qw: Allow faded altars: false
     0 | D:1      | 0 ||| qw: Do Orc after clearing Dungeon:15 true
     0 | D:1      | 0 ||| qw: Do second Lair branch before Depths: true
     0 | D:1      | 0 ||| qw: Lair rune preference: random
     0 | D:1      | 0 ||| qw: Goals: Normal
     0 | D:1      | 0 ||| PLANNING D:1-11
   155 | D:1      | Reached XP level 2. HP: 16/16 MP: 3/3
   170 | D:1      | Reached skill level 3 in Ranged Weapons
   216 | D:1      | Reached XP level 3. HP: 20/21 MP: 4/4
   730 | D:1      | 730 ||| UPGRADING to +2 hat.
   735 | D:1      | 735 ||| READING scroll labelled ETAOCVYDEXT.
   736 | D:1      | 736 ||| READING scroll labelled CUSIYRU REOM.
   737 | D:1      | 737 ||| READING 2 scrolls labelled BABIKE QOXZACH.
   738 | D:1      | 738 ||| READING scroll labelled SOBEHU GOPSIA.
   739 | D:1      | 739 ||| READING scroll labelled NUILIW GUHIWK.
   740 | D:1      | 740 ||| DROPPING scroll of poison.
   741 | D:1      | 741 ||| DROPPING scroll of fear.
   821 | D:2      | Found a burning altar of Makhleb.
   823 | D:2      | Noticed Natasha
   824 | D:2      | 824 ||| FLEEEEING.
   825 | D:2      | 825 ||| FLEEEEING.
   826 | D:2      | 826 ||| FLEEEEING.
   827 | D:2      | 827 ||| FLEEEEING.
   828 | D:2      | 828 ||| FLEEEEING.
   829 | D:2      | 829 ||| FLEEEEING.
   830 | D:2      | Found Nuch's Distillery.
   832 | D:2      | 832 ||| FLEEEEING.
   834 | D:2      | 834 ||| FLEEEEING.
   838 | D:2      | HP: 5/21 [Natasha (8)]
   841 | D:2      | Killed Natasha
   842 | D:2      | Reached skill level 4 in Ranged Weapons
   842 | D:2      | Reached XP level 4. HP: 6/26 MP: 5/5
   924 | D:2      | 924 ||| SHOPLISTING potion of curing (36 gold, have 35).
   924 | D:2      | 924 ||| SHOPLISTING potion of enlightenment (60 gold, have
                  | 35).
   924 | D:2      | 924 ||| SHOPLISTING potion of haste (120 gold, have 35).
   924 | D:2      | 924 ||| SHOPLISTING potion of heal wounds (60 gold, have
                  | 35).
   924 | D:2      | 924 ||| SHOPLISTING potion of might (48 gold, have 35).
   924 | D:2      | 924 ||| SHOPLISTING potion of mutation (96 gold, have 35).
   996 | D:2      | Found Womet's General Store.
  1014 | D:2      | 1014 ||| SHOPLISTING +0 ring mail (56 gold, have 47).
  1014 | D:2      | 1014 ||| BUYING scroll of identify (28 gold).
  1014 | D:2      | Bought a scroll of identify for 28 gold pieces
  1118 | D:2      | Noticed Natasha
  1128 | D:2      | Killed Natasha
  1197 | D:2      | Noticed Natasha
  1204 | D:2      | Killed Natasha
  1205 | D:2      | Reached skill level 5 in Ranged Weapons
  1205 | D:2      | Reached XP level 5. HP: 20/30 MP: 6/6
  1273 | D:2      | Found Acwet Mynath's Assorted Antiques.
  1281 | D:2      | 1281 ||| SHOPLISTING 2 dark potions (32 gold, have 31).
  1281 | D:2      | 1281 ||| BUYING bubbling brown potion (16 gold).
  1281 | D:2      | Bought a bubbling brown potion for 16 gold pieces
  1281 | D:2      | 1281 ||| SHOPLISTING glowing red potion (16 gold, have 15).
  1281 | D:2      | 1281 ||| SHOPLISTING pair of boots (81 gold, have 15).
  1281 | D:2      | 1281 ||| SHOPLISTING scroll labelled FUCAN NIHUT (18 gold,
                  | have 15).
  1281 | D:2      | 1281 ||| SHOPLISTING scroll labelled SOPU OPROONUEWN (18
                  | gold, have 15).
  1281 | D:2      | 1281 ||| SHOPLISTING tubular emerald ring (90 gold, have
                  | 15).
  1434 | D:2      | 1434 ||| READING scroll labelled CET BOXZEY.
  1521 | D:3      | 1521 ||| Stepping ~*~*~tactically~*~*~ (outnumbered).
  1539 | D:3      | HP: 1/31 [gnoll/+0 halberd (10)]
  1539 | D:3      | Slain by a gnoll

Levels and vault maps discovered:
D:1:      roderic_dead_forest, layout_loops_ring, minivault_11,
          solitary_fountain, minmay_vboxes
D:2:      layout_rooms, serial_shops, nicolae_shop_just_a_little_nook,
          nicolae_shop_industrial_runoff, shop, basic_altar, bh_walls_and_bars,
          uniq_crazy_yiuf_cottage, uniq_natasha
D:3:      minmay_skewed_foursquare, layout_loops_ring,
          mainiacjoe_overflow_brackets

Skill      XL: |  1  2  3  4 |
---------------+-------------+-----
Ranged Weapons | 3 4 5 |  5.0
Fighting       | 2 |  2.6
Dodging        | |  1.5
Spellcasting   | |  1.0
Hexes          | |  2.6

Action                     |  1- 3 |  4- 6 || total
---------------------------+-------+-------++-------
   Fire: Sling             |    98 |    70 ||   168
    Use: Scroll            |     5 |     1 ||     6
 Armour: Robe              |    15 |    13 ||    28
  Dodge: Dodged            |    26 |    26 ||    52

Table legend:
 A = Non-vault XP
 B = Vault XP
 C = Vault XP percentage of total XP
 D = Non-vault monster count
 E = Vault monster count
 F = Vault count percentage of total count
                 A         B        C        D         E       F
            +---------+---------+-------+---------+---------+-------
      Total |     180 |      55 |  23.4 |      45 |      11 |  19.6
            +---------+---------+-------+---------+---------+-------
        D:1 |      39 |      20 |  33.9 |      23 |      10 |  30.3
        D:2 |     104 |      35 |  25.2 |      15 |       1 |   6.2
        D:3 |      37 |       0 |   0.0 |       7 |       0 |   0.0
            +---------+---------+-------+---------+---------+-------
